 Dungeon Crawl Stone Soup version 0.29.0-11-gd7f09526c8 (webtiles) character file.

Game seed: 15983110708401896757

407 ImASeal the Caller (level 6, 0/42 HPs)
             Began as a Merfolk Summoner on Sept 6, 2022.
             Slain by an orc priest
             ... wielding a +0 short sword
              (2 damage)
             ... on level 4 of the Dungeon.
             The game lasted 00:18:12 (5221 turns).

ImASeal the Caller (Merfolk Summoner)               Turns: 5221, Time: 00:18:15

Health: 0/42       AC:  5    Str:  8    XL:     6   Next: 88%
Magic:  9/12       EV: 13    Int: 17    God:
Gold:   151        SH:  0    Dex: 14    Spells: 8/14 levels left

rFire   . . .      SeeInvis .   y - +3 quarterstaff (chaos)
rCold   . . .      Faith    .   (shield currently unavailable)
rNeg    . . .      Spirit   .   s - +2 robe {Will+}
rPois   .          Reflect  .   (no helmet)
rElec   .          Harm     .   n - +0 cloak
rCorr   .          Rampage  .   (no gloves)
Will    ++...                   (no boots)
Stlth   ++........              (no amulet)
HPRegen 0.14/turn               j - ring of willpower
MPRegen 0.13/turn               (no ring)

@: no status effects
A: (nimble swimmer 2), mertail
a: no special abilities


You were on level 4 of the Dungeon.
You visited 1 branch of the dungeon, and saw 4 of its levels.

You collected 213 gold pieces.
You spent 62 gold pieces at shops.

Inventory:

Hand Weapons
 e - a +0 short sword
 y - a +3 quarterstaff of chaos (weapon)
Missiles
 p - 11 poisoned darts (quivered)
Armour
 n - a +0 cloak (worn)
 s - a +2 robe of willpower (worn)
Jewellery
 j - a ring of willpower (left hand)
 v - a ring of fire
Scrolls
 a - a scroll of noise {unknown}
 g - a scroll of poison {unknown}
 k - a scroll of teleportation {unknown}
 l - 6 scrolls of identify {unknown}
 o - a scroll of amnesia {unknown}
 q - a scroll of vulnerability {unknown}
 r - a scroll of immolation {unknown}
 w - a scroll of silence {unknown}
 x - a scroll of fog {unknown}
Potions
 c - 2 potions of heal wounds {unknown}
 d - a potion of lignification {unknown}
 f - 6 potions of curing {unknown}
 h - a potion of cancellation {unknown}
 i - 3 potions of brilliance {unknown}
 m - 2 potions of haste {unknown}
 t - a potion of degeneration {unknown}
 u - a potion of berserk rage {unknown}
 z - 2 potions of might {unknown}


   Skills:
 + Level 0.5 Fighting
 + Level 1.5 Short Blades
 + Level 3.7 Dodging
 + Level 3.2 Stealth
 + Level 4.5 Spellcasting
 + Level 5.5 Summonings


You had 8 spell levels left.
You knew the following spells:

 Your Spells              Type           Power      Damage    Failure   Level
a - Summon Small Mammal   Summ           88%        N/A       1%          1
b - Call Imp              Summ           22%        N/A       2%          2
c - Call Canine Familiar  Summ           22%        N/A       4%          3

Your spell library contained the following spells:

 Spells                   Type           Power      Damage    Failure   Level
 Summon Guardian Golem    Hex/Summ       13%        N/A       14%         3
 Slow                     Hex            12%        N/A       16%         1
 Confusing Touch          Hex            3%         N/A       41%         3
 Portal Projectile        Hex/Tloc       6%         N/A       41%         3
 Tukima's Dance           Hex            3%         N/A       41%         3
 Vampiric Draining        Necr           3%         2d6       41%         3
 Summon Lightning Spire   Summ/Air       13%        N/A       43%         4
 Blade Hands              Tmut           1%         N/A       99%         5


Dungeon Overview and Level Annotations

Branches:
Dungeon (4/15)
 Temple: D:4-7

Altars:
Zin

Shops:
D:2 [


Innate Abilities, Weirdness & Mutations

((You are very nimble when in or above water. (Stealth+, EV+, Speed+++)))
Your lower body shifts to a powerful aquatic tail in water.


Message History

Beogh smites you!
* * * LOW HITPOINT WARNING * * *
Your hound bites the orc priest but does no damage.
Your quokka closely misses the orc priest.
Magic courses through your body.
Your hound completely misses the orc priest.
The orc priest barely misses your quokka.
Your quokka barely misses the orc priest.
Casting: Summon Small Mammal (safe; 1% risk of failure)
Confirm with . or Enter, or press ? or * to list all spells.
A shadowy apparition takes form in the air.
Your hound bites the orc priest.
The orc priest hits your quokka with a +0 short sword.
Your hound bites the orc priest.
Casting: Call Imp (safe; 2% risk of failure)
Confirm with . or Enter, or press ? or * to list all spells.
Your hound barely misses the orc priest.
Your quokka bites the orc priest.
Your shadow imp hits the orc priest but does no damage.
You barely miss the orc priest.
The orc priest is moderately wounded.
Your hound closely misses the orc priest.
Your quokka bites the orc priest but does no damage.
Your hound barely misses the orc priest.
The orc priest hits you but does no damage.
Your shadow imp closely misses the orc priest.
Your quokka barely misses the orc priest.
You barely miss the orc priest.
The orc priest is moderately wounded.
Your hound bites the orc priest.
The orc priest mumbles some strange prayers to Beogh against you.
Beogh smites you!
* * * LOW HITPOINT WARNING * * *
Your quokka bites the orc priest but does no damage.
Your hound bites the orc priest.
Your quokka bites the orc priest but does no damage.
Your shadow imp gestures at the orc priest.
The orc priest struggles to resist.
The orc priest hits you with a +0 short sword.
You die...

##### ##...#### #.......#
#.......# #####.#..∩..###
############...>5hr.......
.........#....).@o.....##
###.#...>....#####r#####
#..)##.#.### ##.##
##.###.#.# #.#.# #.# #.#.#
##..# ..# #.#.# ##.# .
...# #.#.# #.# #♣...#
#.#.# #5# ..
#.#.########.###


You could see an orc priest (ally target), a friendly hound (summoned), a
friendly shadow imp (summoned) and 2 friendly quokkas.

Vanquished Creatures
  2 adders
  A shadow imp (D:4)
  A worm (D:3)
  A hobgoblin (D:2)
  2 ball pythons
  2 bats (D:1)
  A kobold (D:3)
  A rat (D:1)
11 creatures vanquished.

Vanquished Creatures (collateral kills)
  The ghost of Cai the Chopper, a weakling HuWn (D:3)
  2 jellies (D:4)
  A hound (D:4)
  Crazy Yiuf (D:3)
  Jessica (D:2)
  An iguana (D:4)
  3 adders (D:3)
  A shadow imp (D:4)
  3 white imps (D:4)
  7 ufetubi (D:4)
  A worm (D:2)
  A dart slug (D:3)
  An orc (D:3)
  5 endoplasms
  3 giant cockroaches (D:1)
  7 goblins
  7 hobgoblins
  4 kobolds
  4 quokkas
  5 ball pythons
  4 bats
  2 frilled lizards
  6 rats
71 creatures vanquished.

Vanquished Creatures (others)
  2 demonic plants (D:4)
  3 fungi (D:3)
5 creatures vanquished.

Grand Total: 87 creatures vanquished

Notes
Turn   | Place    | Note
-------+----------+-------------------------------------------
     0 | D:1      | ImASeal the Merfolk Summoner began the quest for the Orb.
     0 | D:1      | Reached XP level 1. HP: 13/13 MP: 3/3
   627 | D:1      | Reached XP level 2. HP: 19/19 MP: 1/5
   742 | D:1      | Found a faded altar of an unknown god.
   757 | D:1      | Learned a level 2 spell: Call Imp
  1327 | D:2      | Reached XP level 3. HP: 24/24 MP: 4/6
  1709 | D:2      | Found Vujof's Antique Armour Shop.
  1715 | D:2      | Bought a glowing robe for 62 gold pieces
  1942 | D:2      | Noticed Jessica
  1956 | D:2      | Killed Jessica
  1957 | D:2      | Reached XP level 4. HP: 30/30 MP: 1/8
  2502 | D:3      | Found a runed translucent door.
  2505 | D:3      | Noticed Cai's ghost (weakling HuWn)
  2587 | D:3      | Reached skill level 1 in Short Blades
  3064 | D:3      | Reached XP level 5. HP: 35/35 MP: 4/9
  3495 | D:3      | Found a glowing silver altar of Zin.
  3994 | D:3      | Killed Cai's ghost
  3995 | D:3      | Reached skill level 5 in Summonings
  4142 | D:3      | Learned a level 3 spell: Call Canine Familiar
  4375 | D:3      | Found a runed translucent door.
  4376 | D:3      | Noticed Crazy Yiuf
  4455 | D:3      | Killed Crazy Yiuf
  4850 | D:4      | Reached XP level 6. HP: 42/42 MP: 5/11
  5221 | D:4      | HP: 2/42 [orc priest/divine providence (11)]
  5221 | D:4      | Slain by an orc priest

Illustrated notes

Levels and vault maps discovered:
D:1:      psy_arrival_statuary, layout_rooms, hellmonk_ecumenical_altar_zigzags,
          nicolae_concentric_dashed_squares_wild
D:2:      layout_loops_ring, serial_shops, shop, uniq_jessica
D:3:      layout_basic, zin_statuary, hellmonk_ghost_happy_afterlife,
          uniq_crazy_yiuf_cottage
D:4:      layout_loops_ring, minmay_temple_entry_proselytizer, serial_demonic,
          serial_demonic_b, serial_demonic_c, serial_demonic_a,
          serial_demonic_c, serial_demonic_d, serial_demonic_c,
          serial_demonic_a, serial_demonic_d

Skill      XL: |  1  2  3  4  5  6 |
---------------+-------------------+-----
Dodging        | 3 |  3.7
Spellcasting   | 3 4 |  4.5
Short Blades   | 1 |  1.5
Summonings     | 5 |  5.5
Stealth        | 3 |  3.2
Fighting       | |  0.5

Action                   |  1- 3 |  4- 6 || total
-------------------------+-------+-------++-------
Melee: Unarmed           |    10 |       ||    10
       Short sword       |    27 |    34 ||    61
       Punch             |     1 |       ||     1
       Quarterstaff      |       |     7 ||     7
Throw: Dart              |     1 |       ||     1
 Cast: Summon Small Mamm |    38 |    36 ||    74
       Call Imp          |    21 |    24 ||    45
       Call Canine Famil |       |    16 ||    16
  Use: Potion            |       |     1 ||     1
 Stab: Sleeping          |     1 |       ||     1
       Distracted        |       |     1 ||     1
Armor: Robe              |    15 |    17 ||    32
Dodge: Dodged            |    60 |    46 ||   106
